SL
KINGSTON TOWNSHIP KNIGHTS @ FT. WORTH CATTLEMEN
05/13/2042
 
TOP OF THE 1ST
Kingston Township Knights batting - Pitching for Ft. Worth Cattlemen : LHP Allen Werner
Pitching: LHP Allen Werner
Batting: RHB Amor Campos 0-0: Called Strike
0-1: Ball
1-1: SINGLE (Groundball, 6MD, EV 106.2 MPH)
Batting: SHB Eustacio Tafalla 0-0: Swinging Strike
Amor Campos steals 2nd base
0-1: Called Strike
0-2: Ball
1-2: Ground out 4-3 (Groundball, 4, EV 86.2 MPH)
Amor Campos to third
Batting: RHB Daniel McCoy 0-0: Ball
1-0: Ball
2-0: Called Strike
2-1: Swinging Strike
2-2: Strikes out swinging
Batting: RHB Takenao Wakabayashi 0-0: Fly out, F8 (Line Drive, 8LD, EV 104.4 MPH)
Top of the 1st over - 0 runs, 1 hit, 0 errors, 1 left on base; Kingston Township 0 - Ft. Worth 0
BOTTOM OF THE 1ST
Ft. Worth Cattlemen batting - Pitching for Kingston Township Knights : RHP Zebulon Vermillion
Pitching: RHP Zebulon Vermillion
Batting: RHB Jurgen Flurgenburgen 0-0: SINGLE (Line Drive, 34, EV 95.0 MPH)
Batting: RHB Tae-cho Han 0-0: Ball
1-0: Ground out U3 (Groundball, 34S, EV 65.0 MPH)
Jurgen Flurgenburgen to second
Batting: SHB Kolby Hay 0-0: Ball
1-0: Called Strike
1-1: Foul Ball, location: 2F
1-2: Ground out 5-3 (Groundball, 5, EV 85.6 MPH)
Batting: LHB Jorge Alejándrez 0-0: Ball
1-0: Ground out 3-1 (Groundball, 34S, EV 68.8 MPH)
Bottom of the 1st over - 0 runs, 1 hit, 0 errors, 1 left on base; Kingston Township 0 - Ft. Worth 0
TOP OF THE 2ND
Kingston Township Knights batting - Pitching for Ft. Worth Cattlemen : LHP Allen Werner
Batting: LHB Ed Mellor 0-0: Called Strike
0-1: Ball
1-1: SINGLE (Line Drive, 8LS, EV 106.2 MPH)
Batting: RHB Tom Rowland 0-0: Called Strike
0-1: Ball
1-1: Ball
2-1: Foul Ball, location: 2F
2-2: Foul Ball, location: 2F
2-2: Reached on error, E5 (Groundball, 56, EV 81.2 MPH)
Ed Mellor to second
Batting: RHB Seong-ho Chong 0-0: DOUBLE (Line Drive, 9LS, EV 100.6 MPH)
Ed Mellor scores
Tom Rowland to third
Batting: RHB Glenn Curtis 0-0: Called Strike
0-1: Ground out 4-3 (Groundball, 4, EV 100.6 MPH)
Tom Rowland scores
Seong-ho Chong to third
Batting: RHB Khal Drogo 0-0: Ball
1-0: Ball
2-0: Called Strike
2-1: Ball
3-1: Base on Balls
Batting: RHB Amor Campos 0-0: Ball
1-0: Ball
2-0: Grounds into double play, 6-4-3 (Groundball, 6M, EV 87.5 MPH)
Top of the 2nd over - 2 runs, 2 hits, 1 error, 1 left on base; Kingston Township 2 - Ft. Worth 0
BOTTOM OF THE 2ND
Ft. Worth Cattlemen batting - Pitching for Kingston Township Knights : RHP Zebulon Vermillion
Batting: LHB Semo Hoaloha 0-0: Ball
1-0: Foul Ball, location: 2F
1-1: Ball
2-1: Foul Ball, location: 2F
2-2: SINGLE (Groundball, 34D, EV 105.0 MPH)
Batting: RHB Omer Yurtseven 0-0: Called Strike
0-1: Called Strike
0-2: Ball
Wild Pitch!
Semo Hoaloha to second
1-2: Foul Ball, location: 2F
1-2: Strikes out swinging
Batting: LHB Tippi Degré 0-0: Ball
1-0: Ball
2-0: SINGLE (Line Drive, 7LS, EV 93.8 MPH)
Semo Hoaloha to third
Batting: RHB Dennis Wacher 0-0: Fly out, F9 (Flyball, 89D, EV 86.2 MPH)
Throwing error, E9
Semo Hoaloha scores
Tippi Degré to second
Batting: RHB Lonnie Doble 0-0: Ball
1-0: Foul Ball, location: 2F
1-1: Ball
2-1: Called Strike
2-2: Ball
3-2: Strikes out swinging
Bottom of the 2nd over - 1 run, 2 hits, 1 error, 1 left on base; Kingston Township 2 - Ft. Worth 1
TOP OF THE 3RD
Kingston Township Knights batting - Pitching for Ft. Worth Cattlemen : LHP Allen Werner
Batting: SHB Eustacio Tafalla 0-0: Called Strike
0-1: Ball
1-1: Called Strike
1-2: Ball
2-2: Ball
3-2: SINGLE (Flyball, 7, EV 91.2 MPH)
Batting: RHB Daniel McCoy 0-0: Ball
1-0: Ball
2-0: Called Strike
2-1: Swinging Strike
2-2: Ball
3-2: Base on Balls
Eustacio Tafalla to second
Batting: RHB Takenao Wakabayashi 0-0: Grounds into double play, 4-6-3 (Groundball, 4, EV 102.5 MPH)
Eustacio Tafalla to third
Batting: LHB Ed Mellor 0-0: Foul Ball, location: 2F
0-1: Ball
1-1: SINGLE (Groundball, 6MD, EV 108.1 MPH)
Eustacio Tafalla scores
Batting: RHB Tom Rowland 0-0: Called Strike
0-1: Ball
1-1: Foul Ball, location: 2F
1-2: Strikes out swinging passed ball, reaches first!
Ed Mellor to second
Batting: RHB Seong-ho Chong 0-0: Ball
1-0: Called Strike
1-1: Fly out, F8 (Flyball, 8LS, EV 85.6 MPH)
Top of the 3rd over - 1 run, 2 hits, 0 errors, 2 left on base; Kingston Township 3 - Ft. Worth 1
BOTTOM OF THE 3RD
Ft. Worth Cattlemen batting - Pitching for Kingston Township Knights : RHP Zebulon Vermillion
Batting: RHB Jurgen Flurgenburgen 0-0: Ball
1-0: Ball
2-0: Called Strike
2-1: Swinging Strike
2-2: Foul Ball, location: 2F
2-2: Fly out, F9 (Flyball, 9LMF, EV 76.9 MPH)
Batting: RHB Tae-cho Han 0-0: Ball
1-0: Ball
2-0: Ball
3-0: Called Strike
3-1: Base on Balls
Batting: SHB Kolby Hay 0-0: Called Strike
0-1: Ball
1-1: Foul Ball, location: 2F
1-2: Fielders Choice at 2nd, 1-4 (Groundball, 25, EV 64.4 MPH)
Batting: LHB Jorge Alejándrez 0-0: Ball
1-0: Swinging Strike
1-1: SINGLE (Line Drive, 56D, EV 102.5 MPH)
Kolby Hay to second
Batting: LHB Semo Hoaloha 0-0: Ball
1-0: Called Strike
1-1: DOUBLE (Line Drive, 78XD, EV 105.6 MPH)
Kolby Hay scores
Jorge Alejándrez to third
Runner from 3rd tries for Home, SAFE, throw by CF to home
Batting: RHB Omer Yurtseven 0-0: Called Strike
0-1: Ball
1-1: Ball
2-1: Ground out 5-3 (Groundball, 56S, EV 70.6 MPH)
Bottom of the 3rd over - 2 runs, 2 hits, 0 errors, 1 left on base; Kingston Township 3 - Ft. Worth 3
TOP OF THE 4TH
Kingston Township Knights batting - Pitching for Ft. Worth Cattlemen : LHP Allen Werner
Batting: RHB Glenn Curtis 0-0: Called Strike
0-1: Foul Ball, location: 2F
0-2: Ball
1-2: Ball
2-2: Strikes out swinging
Batting: RHB Khal Drogo 0-0: Called Strike
0-1: Ball
1-1: Foul Ball, location: 2F
1-2: Reached on error, E5 (Groundball, 56, EV 96.2 MPH)
Batting: RHB Amor Campos 0-0: Swinging Strike
0-1: Ball
1-1: Called Strike
1-2: Foul Ball, location: 2F
1-2: Fly out, F8 (Flyball, 8LD, EV 86.9 MPH)
Batting: SHB Eustacio Tafalla 0-0: Ball
1-0: Called Strike
1-1: Ball
2-1: Fly out, F9 (Flyball, 9S, EV 84.4 MPH)
Top of the 4th over - 0 runs, 0 hits, 1 error, 1 left on base; Kingston Township 3 - Ft. Worth 3
BOTTOM OF THE 4TH
Ft. Worth Cattlemen batting - Pitching for Kingston Township Knights : RHP Zebulon Vermillion
Batting: LHB Tippi Degré 0-0: Ball
1-0: Fly out, F3 (Line Drive, 4, EV 66.9 MPH)
Batting: RHB Dennis Wacher 0-0: Foul Ball, location: 2F
0-1: Foul Ball, location: 2F
0-2: Strikes out looking
Batting: RHB Lonnie Doble 0-0: Called Strike
0-1: Swinging Strike
0-2: Ball
1-2: Foul Ball, location: 2F
1-2: Fly out, F9 (Flyball, 9LM, EV 85.6 MPH)
Bottom of the 4th over - 0 runs, 0 hits, 0 errors, 0 left on base; Kingston Township 3 - Ft. Worth 3
TOP OF THE 5TH
Kingston Township Knights batting - Pitching for Ft. Worth Cattlemen : LHP Allen Werner
Batting: RHB Daniel McCoy 0-0: Called Strike
0-1: Ball
1-1: Ball
2-1: Ball
3-1: Swinging Strike
3-2: Fly out, F8 (Flyball, 8LXD, EV 108.8 MPH)
Batting: RHB Takenao Wakabayashi 0-0: Ground out 5-3 (Groundball, 5, EV 101.2 MPH)
Batting: LHB Ed Mellor 0-0: Ball
1-0: SINGLE (Groundball, 5D, EV 107.5 MPH)
Batting: RHB Tom Rowland 0-0: Ball
1-0: Swinging Strike
1-1: Foul Ball, location: 2F
1-2: SINGLE (Groundball, 4MD, EV 106.2 MPH)
Ed Mellor to second
Runner from 2nd tries for 3rd, SAFE, no throw by CF
Batting: RHB Seong-ho Chong 0-0: Ball
1-0: Called Strike
1-1: Ball
2-1: Ball
3-1: Foul Ball, location: 2F
3-2: Fly out, F8 (Flyball, 8RD, EV 102.5 MPH)
Top of the 5th over - 0 runs, 2 hits, 0 errors, 2 left on base; Kingston Township 3 - Ft. Worth 3
BOTTOM OF THE 5TH
Ft. Worth Cattlemen batting - Pitching for Kingston Township Knights : RHP Zebulon Vermillion
Batting: RHB Jurgen Flurgenburgen 0-0: Ground out 4-3 (Groundball, 4, EV 108.1 MPH)
Batting: RHB Tae-cho Han 0-0: Foul Ball, location: 2F
0-1: Foul Ball, location: 2F
0-2: Ball
1-2: Ball
2-2: Foul Ball, location: 2F
2-2: Ground out 6-3 (Groundball, 6M, EV 90.6 MPH)
Batting: SHB Kolby Hay 0-0: Ball
1-0: Ball
2-0: Foul Ball, location: 2F
2-1: Fly out, F1 (Line Drive, P, EV 63.1 MPH)
Bottom of the 5th over - 0 runs, 0 hits, 0 errors, 0 left on base; Kingston Township 3 - Ft. Worth 3
TOP OF THE 6TH
Kingston Township Knights batting - Pitching for Ft. Worth Cattlemen : LHP Allen Werner
Pitching: RHP Sima Babic
Batting: RHB Glenn Curtis 0-0: Foul Ball, location: 2F
0-1: Ball
1-1: Ball
2-1: Foul Ball, location: 2F
2-2: SINGLE (Flyball, 7S, EV 91.2 MPH)
Batting: RHB Khal Drogo 0-0: Sac Bunt to 15 - play at first, batter OUT! 1-4
Glenn Curtis to second
Batting: RHB Amor Campos 0-0: Swinging Strike
0-1: Ball
1-1: Swinging Strike
1-2: Strikes out swinging
Batting: SHB Eustacio Tafalla 0-0: Foul Ball, location: 2F
0-1: SINGLE (Groundball, 4MS, EV 70.0 MPH) (infield hit)
Glenn Curtis to third
Batting: RHB Daniel McCoy 0-0: Ball
Passed Ball!
Glenn Curtis scores
Eustacio Tafalla to second
1-0: Called Strike
1-1: Swinging Strike
1-2: Ball
2-2: Ball
3-2: Strikes out swinging
Top of the 6th over - 1 run, 2 hits, 0 errors, 1 left on base; Kingston Township 4 - Ft. Worth 3
BOTTOM OF THE 6TH
Ft. Worth Cattlemen batting - Pitching for Kingston Township Knights : RHP Zebulon Vermillion
Batting: LHB Jorge Alejándrez 0-0: Foul Ball, location: 2F
0-1: Swinging Strike
0-2: Foul Ball, location: 2F
0-2: Ball
1-2: Foul Ball, location: 2F
1-2: Ball
2-2: Fly out, F9 (Flyball, 9S, EV 95.0 MPH)
Batting: LHB Semo Hoaloha 0-0: Fly out, F7 (Flyball, 7S, EV 78.1 MPH)
Batting: RHB Omer Yurtseven 0-0: Called Strike
0-1: Fly out, F8 (Flyball, 8RM, EV 86.9 MPH)
Bottom of the 6th over - 0 runs, 0 hits, 0 errors, 0 left on base; Kingston Township 4 - Ft. Worth 3
TOP OF THE 7TH
Kingston Township Knights batting - Pitching for Ft. Worth Cattlemen : RHP Sima Babic
Batting: RHB Takenao Wakabayashi 0-0: Ball
1-0: Called Strike
1-1: Foul Ball, location: 2F
1-2: Strikes out swinging
Batting: LHB Ed Mellor 0-0: Called Strike
0-1: Ball
1-1: Swinging Strike
1-2: Ball
2-2: Strikes out swinging
Batting: RHB Tom Rowland 0-0: Swinging Strike
0-1: Foul Ball, location: 2F
0-2: Strikes out looking
Top of the 7th over - 0 runs, 0 hits, 0 errors, 0 left on base; Kingston Township 4 - Ft. Worth 3
BOTTOM OF THE 7TH
Ft. Worth Cattlemen batting - Pitching for Kingston Township Knights : RHP Zebulon Vermillion
Batting: LHB Tippi Degré 0-0: Ball
1-0: Ball
2-0: Called Strike
2-1: Swinging Strike
2-2: Strikes out looking
Batting: RHB Dennis Wacher 0-0: Called Strike
0-1: SINGLE (Groundball, 56D, EV 97.5 MPH)
Batting: RHB Lonnie Doble 0-0: Ball
1-0: Called Strike
1-1: Ball
2-1: Ball
3-1: Swinging Strike
3-2: Fly out, F8 (Line Drive, 8LD, EV 99.4 MPH)
Batting: RHB Jurgen Flurgenburgen 0-0: Ball
1-0: Ball
2-0: Called Strike
2-1: Fly out, F7 (Line Drive, 7, EV 110.6 MPH)
Bottom of the 7th over - 0 runs, 1 hit, 0 errors, 1 left on base; Kingston Township 4 - Ft. Worth 3
TOP OF THE 8TH
Kingston Township Knights batting - Pitching for Ft. Worth Cattlemen : RHP Sima Babic
Pitching: RHP Tom Scots
Batting: RHB Seong-ho Chong 0-0: Called Strike
0-1: Ball
1-1: Ball
2-1: Ball
3-1: Base on Balls
Batting: RHB Glenn Curtis 0-0: Sac Bunt to 5S - play at first, batter OUT! 5-4
Seong-ho Chong to second
Batting: RHB Khal Drogo 0-0: Foul Ball, location: 2F
0-1: Foul Ball, location: 2F
0-2: Ball
1-2: Foul Ball, location: 2F
1-2: Ground out 5-3 (Groundball, 56S, EV 86.2 MPH)
Batting: RHB Amor Campos 0-0: Ball
1-0: Ball
2-0: Ball
3-0: Hit by Pitch
Batting: SHB Eustacio Tafalla 0-0: Ball
1-0: Ball
2-0: Ball
3-0: Called Strike
3-1: Base on Balls
Seong-ho Chong to third
Amor Campos to second
Batting: RHB Daniel McCoy 0-0: Fielders Choice at 2nd, 6-4 (Groundball, 56, EV 81.2 MPH)
Top of the 8th over - 0 runs, 0 hits, 0 errors, 3 left on base; Kingston Township 4 - Ft. Worth 3
BOTTOM OF THE 8TH
Ft. Worth Cattlemen batting - Pitching for Kingston Township Knights : RHP Zebulon Vermillion
Now at 1B: Jorge Ozezera
Batting: RHB Tae-cho Han 0-0: Called Strike
0-1: Foul Ball, location: 2F
0-2: Ball
1-2: SINGLE (Groundball, 6MD, EV 103.1 MPH)
Pitching: LHP Dale Snider
Batting: SHB Kolby Hay 0-0: Ball
1-0: Foul Ball, location: 2F
1-1: Called Strike
1-2: Foul Ball, location: 2F
1-2: Ball
2-2: Foul Ball, location: 2F
2-2: Ball
3-2: Strikes out looking
Batting: LHB Jorge Alejándrez 0-0: Swinging Strike
0-1: Foul Ball, location: 2F
0-2: Strikes out looking
Batting: LHB Semo Hoaloha 0-0: Ball
1-0: Swinging Strike
1-1: SINGLE (Flyball, 6MD, EV 96.9 MPH)
Tae-cho Han to second
Runner from 2nd tries for 3rd, SAFE, no throw by CF
Batting: RHB Omer Yurtseven 0-0: Foul Ball, location: 2F
0-1: SINGLE (Line Drive, 4MD, EV 96.9 MPH)
Tae-cho Han scores
Semo Hoaloha to second
Batting: LHB Tippi Degré 0-0: Ball
1-0: Called Strike
1-1: Swinging Strike
1-2: TRIPLE (Line Drive, 8LXD, EV 108.8 MPH)
Semo Hoaloha scores
Omer Yurtseven scores
Batting: RHB Dennis Wacher 0-0: SINGLE (Groundball, 56D, EV 101.2 MPH)
Tippi Degré scores
Pitching: RHP Jack Salt
Batting: RHB Lonnie Doble 0-0: Ball
1-0: 2-RUN HOME RUN (Flyball, 7LD, EV 97.5 MPH), Distance : 341 ft
Batting: RHB Jurgen Flurgenburgen 0-0: Called Strike
0-1: Fly out, F5 (Popup, 25F, EV 80.6 MPH)
Bottom of the 8th over - 6 runs, 6 hits, 0 errors, 0 left on base; Kingston Township 4 - Ft. Worth 9
TOP OF THE 9TH
Kingston Township Knights batting - Pitching for Ft. Worth Cattlemen : RHP Tom Scots
Batting: RHB Takenao Wakabayashi 0-0: Ball
1-0: Swinging Strike
1-1: Fly out, F4 (Popup, 34S, EV 82.5 MPH)
Batting: LHB Ed Mellor 0-0: Ball
1-0: Called Strike
1-1: Foul Ball, location: 2F
1-2: Foul Ball, location: 2F
1-2: Ball
2-2: Ball
3-2: Foul Ball, location: 2F
3-2: Ground out 6-3 (Groundball, 6M, EV 91.9 MPH)
Pitching: RHP Ignacio Uribe
Batting: RHB Jorge Ozezera 0-0: SINGLE (Line Drive, 7, EV 98.1 MPH)
Batting: RHB Seong-ho Chong 0-0: Ball
1-0: Ball
2-0: Fly out, F9 (Flyball, 9S, EV 81.2 MPH)
Top of the 9th over - 0 runs, 1 hit, 0 errors, 1 left on base; Kingston Township 4 - Ft. Worth 9
Friday, March 26th, 2021 - OOTP Baseball 20.8 Build 74